 Dungeon Crawl Stone Soup version 0.19.1-1-g22dce08 (webtiles) character file.

2298 ponk the Severer (level 9, -17/70 HPs)
             Began as a Hill Orc Fighter on Jan 15, 2017.
             Was an Elder of Okawaru.
             Demolished by a hill giant
             ... wielding a +0 giant club
              (25 damage)
             ... on level 7 of the Dungeon.
             The game lasted 00:21:44 (7364 turns).

ponk the Severer (Hill Orc Fighter)                 Turns: 7364, Time: 00:21:45

Health: -17/70     AC: 11    Str: 22    XL:     9   Next: 40%
Magic:  9/9        EV:  5    Int:  8    God:    Okawaru [****..]
Gold:   370        SH: 14    Dex: 10    Spells: 0 memorised, 8 levels left

rFire  . . .     SeeInvis .     a - +0 war axe
rCold  . . .     Gourm    .     b - +0 scale mail
rNeg   . . .     Faith    .     g - +0 large shield
rPois  +         Spirit   .     v - +1 helmet
rElec  +         Reflect  .     (no cloak)
rCorr  +         Harm     .     (no gloves)
MR     .....                    D - +1 pair of boots
Stlth  +.........               (no amulet)
                                y - ring of flight
                                n - ring "Ceodufeu" {rCorr *Drain rElec rPois Stlth+}

@: no status effects
A: no striking features
a: Heroism, Renounce Religion, Evoke Flight


You were on level 7 of the Dungeon.
You worshipped Okawaru.
Okawaru was greatly pleased with you.
You were hungry.

You visited 2 branches of the dungeon, and saw 9 of its levels.
You also visited: Ossuary.

You collected 370 gold pieces.

Inventory:

Hand Weapons
 a - a +0 war axe (weapon)
Missiles
 l - 4 tomahawks (quivered)
 H - 13 poisoned needles
 K - 8 needles of confusion
Armour
 b - a +0 scale mail (worn)
 g - a +0 large shield (worn)
 v - a +1 helmet (worn)
 D - a +1 pair of boots (worn)
Rods
 C - a +0 rod of ignition (10/10)
   (You found it on level 5 of the Dungeon)
Jewellery
 n - the ring "Ceodufeu" (left hand) {rCorr *Drain rElec rPois Stlth+}
   (You found it on level 4 of the Dungeon)

   [ring of resist corrosion]

   It insulates you from electricity.
   It protects you from poison.
   It causes draining when unequipped.
   It makes you more stealthy.
 y - a ring of flight (right hand)
Scrolls
 e - 6 scrolls of remove curse
 i - 3 scrolls of enchant armour
 j - 3 scrolls of recharging
 p - a scroll of blinking {unknown}
 s - a scroll of amnesia {unknown}
 u - 2 scrolls of enchant weapon {unknown}
 w - 3 scrolls of teleportation
 x - 2 scrolls of magic mapping {unknown}
 E - a scroll of fog {unknown}
 J - a scroll of immolation {unknown}
Potions
 c - a potion of ambrosia
 d - 3 potions of might
 h - 2 potions of agility {unknown}
 m - a potion of curing
 r - a potion of resistance {unknown}
 z - a potion of magic
 A - 2 potions of lignification {unknown}
 B - a potion of berserk rage {unknown}
 F - a potion of haste {unknown}
Books
 G - a book of Flames

   Spells                             Type                      Level
   a - Flame Tongue                   Conjuration/Fire             1
   b - Throw Flame                    Conjuration/Fire             2
   c - Conjure Flame                  Conjuration/Fire             3
   d - Inner Flame                    Hexes/Fire                   3
   e - Sticky Flame                   Conjuration/Fire             4
   f - Fireball                       Conjuration/Fire             5
Comestibles
 f - 4 bread rations
 k - 7 fruits
 o - a slice of pizza
 q - a royal jelly
 t - 4 meat rations
 I - 2 beef jerkies


   Skills:
 - Level 3.6 Fighting
 + Level 15.2 Axes
 - Level 3.2 Armour
 - Level 3.2 Shields


You had 8 spell levels left.
You didn't know any spells.

Dungeon Overview and Level Annotations

Branches:
Dungeon (8/15)             Temple (1/1) D:4
   Lair: D:8-11

Altars:
Ashenzari
Cheibriados
Dithmenos
Elyvilon
Fedhas
Gozag
Hepliaklqana
Makhleb
Nemelex Xobeh
Okawaru
Qazlal
Ru
Trog
Uskayaw
Xom
Yredelemnul
Zin


Message History

The hill giant is moderately wounded.
The hill giant hits you but does no damage.
You slash the hill giant!
The hill giant is heavily wounded.
You block the hill giant's attack.
You barely miss the hill giant.
The hill giant is heavily wounded.
The hill giant hits you with a giant club!!
Ouch! That really hurt!
* * * LOW HITPOINT WARNING * * *
Okay, then.
There is a stone staircase leading down here.
You climb downwards.
A bullfrog and 4 killer bees come into view.
The killer bee buzzes angrily. x4; The bullfrog gives a loud, deep croak!
Found an escape hatch in the floor.
Found a stone staircase leading up.
There is a stone staircase leading up here.
You climb upwards.
The hill giant hits you with a giant club!!
You die...

#.. #.# #.# #.#
#.########.
#.#........
#.#.##########
########@............
#......C.#.######.###
#.######.#.# #.#.#
#.#.# #.#.# #.#.. #.#
#.### #.# #.# #.#.#


You could see a hill giant.

Vanquished Creatures
  Pikel (D:6)
  Grinder (D:6)
  Edmund (D:6)
  2 ice beasts (D:5)
  2 sky beasts (D:5)
  A phantom (D:5)
  An ogre (D:7)
  Blork the orc (D:6)
  A bullfrog (D:6)
  2 scorpions
  2 bullfrog zombies (Ossuary)
  2 centaur zombies (Ossuary)
  A hound (D:6)
  A jelly (D:6)
  2 orc wizards
  A centaur skeleton (D:5)
  A bullfrog skeleton (D:5)
  Natasha (thrice) (D:2)
  2 worker ants
  A killer bee zombie (D:7)
  A hound zombie (D:7)
  11 mummies (Ossuary)
  A howler monkey zombie (Ossuary)
  3 worker ant zombies (Ossuary)
  4 adders
  2 adder zombies (Ossuary)
  3 worms
  11 leopard geckos
  14 orcs
  8 bats
  8 giant cockroaches
  6 goblins
  6 hobgoblins
  5 jackals (D:5)
  5 kobolds
  3 quokkas
  10 frilled lizards
  2 giant cockroach zombies
  A jackal skeleton (D:4)
  2 jackal zombies (Ossuary)
  3 quokka zombies (Ossuary)
  9 rats
147 creatures vanquished.

Vanquished Creatures (others)
  2 slaves (D:6)
  An ogre (D:6)
  2 withered plants (Ossuary)
5 creatures vanquished.

Grand Total: 152 creatures vanquished

Notes
Turn   | Place    | Note
-------+----------+-------------------------------------------
     0 | D:1      | ponk the Hill Orc Fighter began the quest for the Orb.
     0 | D:1      | Reached XP level 1. HP: 19/19 MP: 1/1
    30 | D:1      | Reached skill level 3 in Axes
    86 | D:1      | Reached XP level 2. HP: 24/26 MP: 2/2
   213 | D:1      | Reached skill level 4 in Axes
   863 | D:2      | Noticed Natasha
   866 | D:2      | Killed Natasha
   866 | D:2      | Reached skill level 5 in Axes
   866 | D:2      | Reached XP level 3. HP: 31/31 MP: 3/3
  1114 | D:2      | Found a snail-covered altar of Cheibriados.
  1190 | D:2      | Reached XP level 4. HP: 39/39 MP: 4/4
  1432 | D:2      | Noticed Natasha
  1435 | D:2      | Killed Natasha
  1435 | D:2      | Reached skill level 6 in Axes
  1447 | D:2      | Noticed Natasha
  1461 | D:2      | Killed Natasha
  1461 | D:2      | Reached XP level 5. HP: 6/45 MP: 5/5
  2129 | D:3      | Reached skill level 7 in Axes
  2901 | D:4      | Found a staircase to the Ecumenical Temple.
  2908 | Temple   | Entered the Ecumenical Temple
  3150 | Temple   | Became a worshipper of Warmaster Okawaru
  3203 | D:4      | Gained mutation: You are agile. (Dex +2) [potion of mutation]
  3203 | D:4      | Gained mutation: You regenerate slowly when monsters are visible. [potion of mutation]
  3203 | D:4      | Gained mutation: Armour fits poorly on your strangely shaped body. [potion of mutation]
  3204 | D:4      | Lost mutation: You are agile. (Dex +2) [potion of cure mutation]
  3204 | D:4      | Lost mutation: You regenerate slowly when monsters are visible. [potion of cure mutation]
  3205 | D:4      | Lost mutation: Armour fits poorly on your strangely shaped body. [potion of cure mutation]
  3229 | D:4      | Noticed a hand axe
  3229 | D:4      | Noticed a hand axe
  3230 | D:4      | Found a hide-covered altar of Uskayaw.
  3326 | D:4      | Got a vibrating steel ring
  3751 | D:4      | Reached skill level 8 in Axes
  3751 | D:4      | Reached XP level 6. HP: 28/51 MP: 6/6
  3940 | D:5      | Entered Level 5 of the Dungeon
  4074 | D:5      | Noticed a sky beast
  4083 | D:5      | Killed a sky beast
  4115 | D:5      | Found a bloodstained altar of Trog.
  4144 | D:5      | Identified the ring "Ceodufeu" {rCorr *Drain rElec rPois Stlth+} (You found it on level 4 of the Dungeon)
  4210 | D:5      | Reached skill level 9 in Axes
  4311 | D:5      | Reached * piety under Okawaru
  4319 | D:5      | Reached XP level 7. HP: 51/57 MP: 7/7
  4398 | D:5      | Reached skill level 10 in Axes
  5091 | D:5      | Reached ** piety under Okawaru
  5091 | D:5      | Reached skill level 11 in Axes
  5304 | D:5      | Reached XP level 8. HP: 60/64 MP: 8/8
  5338 | D:6      | Noticed Grinder
  5338 | D:6      | Noticed Pikel
  5552 | D:6      | Found a sand-covered staircase.
  5557 | Ossuary  | Entered an ossuary
  5579 | Ossuary  | Reached skill level 12 in Axes
  5753 | Ossuary  | Reached *** piety under Okawaru
  5763 | Ossuary  | Reached skill level 13 in Axes
  6241 | D:6      | Noticed Edmund
  6264 | D:6      | Killed Edmund
  6470 | D:6      | Found a white marble altar of Elyvilon.
  6554 | D:6      | Found a shadowy altar of Dithmenos.
  6560 | D:6      | Noticed Blork the orc
  6565 | D:6      | Killed Blork the orc
  6646 | D:6      | Killed Pikel
  6646 | D:6      | Reached **** piety under Okawaru
  6646 | D:6      | Reached skill level 14 in Axes
  6646 | D:6      | Reached XP level 9. HP: 35/70 MP: 9/9
  6774 | D:6      | Killed Grinder
  6885 | D:6      | Noticed a moth of wrath
  6890 | D:6      | Found a bloodstained altar of Trog.
  6981 | D:6      | Found a blossoming altar of Fedhas.
  6981 | D:6      | Found a stormy altar of Qazlal.
  6986 | D:6      | Found a glowing silver altar of Zin.
  6990 | D:6      | Found a faded altar of an unknown god.
  6992 | D:6      | Found a hazy altar of Hepliaklqana.
  7190 | D:7      | Reached skill level 15 in Axes
  7344 | D:7      | Noticed a hill giant
  7364 | D:7      | Demolished by a hill giant

Skill      XL: |  1  2  3  4  5  6  7  8  9 |
---------------+----------------------------+-----
Axes           | 3 5 6 8 9 11 14 15 | 15.2
Fighting       | |  3.6
Armour         | |  3.2
Shields        | |  3.2

Action                   |  1- 3 |  4- 6 |  7- 9 || total
-------------------------+-------+-------+-------++-------
Melee: War axe           |    86 |   197 |   386 ||   669
  Use: Potion            |       |     4 |     4 ||     8
       Scroll            |       |     9 |     1 ||    10
  Eat: Chunk             |     1 |     6 |    10 ||    17
       Bread ration      |       |     1 |       ||     1
Armor: Scale mail        |    30 |    59 |   111 ||   200
Dodge: Dodged            |    26 |    44 |    44 ||   114
Block: Shield            |    55 |    50 |       ||   105
       Large shield      |       |    62 |   184 ||   246
